 Dungeon Crawl Stone Soup version 0.31-a0-38-g1548c4f2a5 (webtiles) character file.

Game seed: 14858076569320823148

6226 Joey1 the Fighter (level 10, -6/97 HPs)
             Began as a Minotaur Fighter on May 8, 2023.
             Was an Elder of Okawaru.
             Mangled by a boulder beetle (9 damage)
             ... on level 8 of the Dungeon on May 16, 2023.
             The game lasted 00:29:46 (10666 turns).

Joey1 the Fighter (Minotaur Fighter)               Turns: 10666, Time: 00:29:46

Health: -6/97      AC: 10    Str: 26    XL:     10   Next: 61%
Magic:  0/9        EV: 12    Int:  5    God:    Okawaru [****..]
Gold:   379        SH:  5    Dex:  9    Spells: 9/9 levels left

rFire   . . .        C - +3 war axe
rCold   + . .        c - +0 buckler
rNeg    . . .        m - +1 ring mail {rC+}
rPois   .            (helmet restricted)
rElec   .            (no cloak)
rCorr   .            H - +0 pair of gloves
SInv    .            F - +0 pair of boots
Will    .....        J - amulet of guardian spirit Stlth
                     (no ring)
HPRegen 0.36/turn    (no ring)
MPRegen 0.11/turn

%: guardian spirit
@: mighty
A: horns 2, retaliatory headbutt
a: Renounce Religion, Heroism, Finesse


You were on level 8 of the Dungeon.
You worshipped Okawaru.
Okawaru was greatly pleased with you.
You visited 2 branches of the dungeon, and saw 10 of its levels.

You collected 425 gold pieces.
You spent 46 gold pieces at shops.

Inventory:

Hand Weapons
 a - a +0 war axe
 r - a +2 spear
 C - a +3 war axe (weapon)
Armour
 b - a +0 scale mail
 c - a +0 buckler (worn)
 h - a +0 chain mail
 m - a +1 ring mail of cold resistance (worn)
 F - a +0 pair of boots (worn)
 H - a +0 pair of gloves (worn)
Jewellery
 f - a ring of magical power
 u - a ring of wizardry
 J - an amulet of guardian spirit (around neck)
 L - a ring of fire
Wands
 x - a wand of paralysis (5) (quivered)
 y - a wand of polymorph (7)
Scrolls
 e - a scroll of butterflies {unknown}
 g - 3 scrolls of teleportation
 j - 3 scrolls of blinking
 n - a scroll of fear {unknown}
 o - a scroll of enchant weapon {unknown}
 p - a scroll of amnesia {unknown}
 t - 2 scrolls of magic mapping {unknown}
 w - a scroll of vulnerability {unknown}
 A - 5 scrolls of fog {unknown}
 B - a scroll of noise {unknown}
 D - a scroll of torment {unknown}
 E - 4 scrolls of silence {unknown}
 K - a scroll of poison {unknown}
Potions
 d - 2 potions of might
 i - 2 potions of mutation
 k - 2 potions of curing
 l - a potion of flight {unknown}
 q - 2 potions of attraction
 s - 2 potions of heal wounds {unknown}
 v - a potion of invisibility {unknown}
 z - a potion of ambrosia {unknown}
 G - a potion of cancellation {unknown}
 I - a potion of berserk rage {unknown}


   Skills:
 - Level 12.0 Fighting
 + Level 12.0 Axes
 - Level 7.0 Armour
 - Level 5.0 Dodging
 - Level 7.0 Shields


You had 9 spell levels left.
You didn't know any spells.
Your spell library contained the following spells:

 Spells                   Type           Power      Damage    Failure   Level
 Slow                     Hex            0%         N/A       65%         1
 Poisonous Vapours        Pois/Air       0%         N/A       80%         2
 Confusing Touch          Hex            0%         N/A       95%         3
 Mephitic Cloud           Conj/Pois/Air  0%         N/A       95%         3
 Vampiric Draining        Necr           0%         2d6       95%         3
 Anguish                  Hex/Necr       0%         N/A       100%        4
 Cause Fear               Hex            0%         N/A       100%        4
 Freezing Cloud           Conj/Ice/Air   0%         6-21      100%        5
 Enfeeble                 Hex            0%         N/A       100%        7
 Animate Dead             Necr           Unusable   N/A       N/A         4
 Summon Ice Beast         Ice/Summ       Unusable   N/A       N/A         4
 Summon Mana Viper        Hex/Summ       Unusable   N/A       N/A         5
 Haunt                    Necr/Summ      Unusable   N/A       N/A         7
 Monstrous Menagerie      Summ           Unusable   N/A       N/A         7
 Infestation              Necr           Unusable   N/A       N/A         8

Dungeon Overview and Level Annotations

Branches:
Dungeon (9/15)             Temple (1/1) D:5
   Lair: D:8-11         Orc: D:9-12

Altars:
Ashenzari
Cheibriados
Dithmenos
Elyvilon
Fedhas
Gozag
Hepliaklqana
Kikubaaqudgha
Makhleb
Nemelex Xobeh
Okawaru
Qazlal
Ru
Sif Muna
Trog
Uskayaw
Vehumet
Wu Jian
Xom
Yredelemnul
Zin
The Shining One

Shops:
D:3 *


Innate Abilities, Weirdness & Mutations

You have a pair of horns on your head.
You reflexively headbutt those who attack you in melee.


Message History

You hit the boulder beetle but do no damage.
You headbutt the boulder beetle, but do no damage.
The boulder beetle is heavily wounded.
The boulder beetle closely misses you. You furiously retaliate!
You headbutt the boulder beetle!
You hit the boulder beetle but do no damage.
The boulder beetle is severely wounded.
The boulder beetle closely misses you.
You hit the boulder beetle but do no damage.
You headbutt the boulder beetle, but do no damage.
The boulder beetle is severely wounded.
The boulder beetle bites you.
You hit the boulder beetle but do no damage.
The boulder beetle is severely wounded.
The boulder beetle bites you.
You barely miss the boulder beetle.
The boulder beetle is severely wounded.
The boulder beetle bites you!
You are too injured to fight recklessly!
You are too injured to fight recklessly!
You are too injured to fight recklessly!
The boulder beetle attacks as you move away!
The boulder beetle bites you but does no damage.
There is a stone staircase leading up here.
The boulder beetle bites you!!
* * * LOW HITPOINT WARNING * * *
You climb upwards.
There is a stone staircase leading down here.
You feel very mighty all of a sudden. The boulder beetle bites you!
* * * LOW HITPOINT WARNING * * *
You slash the boulder beetle!
The boulder beetle is almost dead.
The boulder beetle bites you!
* * * LOW HITPOINT WARNING * * *
You hit the boulder beetle but do no damage.
You headbutt the boulder beetle!
The boulder beetle is almost dead.
The boulder beetle bites you!
You die...

#######..............##.#
#.....>.............
#...............##.#
#...............##.#
##............#.....
##.........######..
##.......### #..
#B.##...##.#####.#
#@###...##.....(.O
#.#......#..####..
#.........#.####O.
#..#..............
#..#...###..##....
####.#....####.##....
#....#...............
#...##.....###..#....
#..###...............


You could see a boulder beetle.

Vanquished Creatures
  A two-headed ogre (D:8)
  A troll (D:8)
  A hornet (D:9)
  Grinder (D:6)
  A vampire (D:9)
  A wraith (D:7)
  2 steam dragons
  9 yaks
  2 sky beasts (D:6)
  An ice beast (D:8)
  3 orc warriors
  A black bear (D:6)
  4 centaurs
  A phantom (D:7)
  A kobold brigand (D:9)
  A bullfrog (D:7)
  3 scorpions
  7 wights
  A killer bee (D:9)
  4 howler monkeys
  4 jellies
  3 hounds
  8 orc priests
  3 sleepcaps
  5 iguanas
  7 orc wizards
  15 gnolls
  13 adders
  A white imp (D:5)
  2 ufetubi (D:4)
  3 worms
  2 dart slugs
  40 orcs
  5 endoplasms
  2 giant cockroaches
  12 goblins
  14 hobgoblins
  8 jackals
  4 quokkas (D:4)
  5 ball pythons
  5 bats
  6 frilled lizards
  19 kobolds
  24 rats
256 creatures vanquished.

Notes
Turn   | Place    | Note
-------+----------+-------------------------------------------
     0 | D:1      | Joey1 the Minotaur Fighter began the quest for the Orb.
     0 | D:1      | Reached XP level 1. HP: 19/19 MP: 0/0
   182 | D:1      | Reached XP level 2. HP: 27/27 MP: 1/1
   268 | D:1      | Reached skill level 1 in Dodging
   393 | D:1      | Reached XP level 3. HP: 33/33 MP: 2/2
   906 | D:2      | Upgraded the game from 0.31-a0-16-g6d2539766c to
                  | 0.31-a0-38-g1548c4f2a5
  1117 | D:2      | Reached XP level 4. HP: 30/40 MP: 3/3
  1252 | D:2      | Found an ancient bone altar of Kikubaaqudgha.
  1310 | D:2      | Reached skill level 5 in Fighting
  1357 | D:2      | Reached XP level 5. HP: 48/48 MP: 4/4
  1872 | D:3      | Reached skill level 5 in Axes
  1994 | D:3      | Found Degaid's Assorted Antiques.
  2004 | D:3      | Bought a scroll labelled BUYSHR QONOQ for 23 gold pieces
  2004 | D:3      | Bought a scroll labelled ANLUSUE UDUKH for 23 gold pieces
  2042 | D:3      | Found a faded altar of an unknown god.
  2770 | D:4      | Reached XP level 6. HP: 57/57 MP: 5/5
  3967 | D:4      | Reached XP level 7. HP: 48/66 MP: 6/6
  4201 | D:5      | Entered Level 5 of the Dungeon
  4826 | D:5      | Found a glowing silver altar of Zin.
  5146 | D:5      | Found a staircase to the Ecumenical Temple.
  5152 | Temple   | Entered the Ecumenical Temple
  5816 | D:6      | Reached XP level 8. HP: 66/75 MP: 7/7
  5850 | D:6      | Found a radiant altar of Vehumet.
  5855 | D:6      | Found a shimmering altar of Xom.
  5857 | D:6      | Found an ornate altar of the Wu Jian Council.
  5859 | D:6      | Found a broken altar of Ashenzari.
  5860 | D:6      | Found a shadowy altar of Dithmenos.
  6687 | D:6      | Found an iron altar of Okawaru.
  6702 | D:6      | Became a worshipper of Warmaster Okawaru
  6838 | D:6      | Noticed Grinder
  6854 | D:6      | Killed Grinder
  7010 | D:6      | Reached skill level 10 in Fighting
  7115 | D:6      | Reached * piety under Okawaru
  7234 | D:7      | Reached skill level 5 in Armour
  7234 | D:7      | Reached skill level 5 in Shields
  7234 | D:7      | Reached XP level 9. HP: 43/85 MP: 8/8
  7828 | D:7      | Reached ** piety under Okawaru
  8363 | D:7      | Reached skill level 10 in Axes
  8863 | D:8      | Noticed a troll
  8865 | D:8      | Reached *** piety under Okawaru
  8883 | D:7      | Reached XP level 10. HP: 69/96 MP: 9/9
  9040 | D:8      | Noticed a two-headed ogre
  9449 | D:8      | Killed a two-headed ogre
  9449 | D:8      | Received a gift from Okawaru
  9449 | D:8      | Reached **** piety under Okawaru
 10253 | D:9      | Paralysed by a hornet for 2 turns
 10257 | D:9      | Reached skill level 5 in Dodging
 10391 | D:9      | Noticed a boulder beetle
 10665 | D:8      | HP: 2/97 [boulder beetle (11)]
 10666 | D:8      | Mangled by a boulder beetle

Illustrated notes

Levels and vault maps discovered:
D:1:      roderic_crop_circles_arrival_small, layout_loops_ring,
          grunt_decor_arrowhead, minmay_tetromino_l2
D:2:      layout_loops_ring, basic_altar, minmay_misc_feat_nine_boxes,
          st_stairs_8, guppyfry_early_orc_mine
D:3:      layout_basic, serial_shops, shop, basic_ecumenical_altar
D:4:      minmay_chambers_of_threes, layout_loops_ring, minmay_rat_hole
D:5:      layout_loops_ring, zin_treasury, minmay_temple_entry_nine_rooms,
          kennysheep_generic_room_5
D:6:      layout_layer_cave, minitemple, okawaru_gym_becter,
          kennysheep_generic_room_4, uniq_grinder
D:7:      layout_basic, palyth_stone_intersect
D:8:      layout_rooms, kennysheep_nondescript
D:9:      layout_loops_cross, nzn_sisyphean_effort, uniq_maurice
Temple:   regret_index_temple_generic_petals

Skill      XL: |  1  2  3  4  5  6  7  8  9 10 |
---------------+-------------------------------+-----
Dodging        | 1 2 3 4 5 |  5.0
Fighting       | 4 5 6 7 8 10 11 12 | 12.0
Shields        | 4 5 6 7 |  7.0
Armour         | 4 5 6 7 |  7.0
Axes           | 3 4 5 6 8 9 11 12 | 12.0

Action                     |  1- 3 |  4- 6 |  7- 9 | 10-12 || total
---------------------------+-------+-------+-------+-------++-------
  Melee: War axe           |   104 |   205 |   216 |   111 ||   636
         Headbutt          |    14 |    29 |    47 |    25 ||   115
    Use: Scroll            |       |     1 |     3 |       ||     4
         Potion            |       |       |     1 |     1 ||     2
 Armour: Scale mail        |    32 |       |       |       ||    32
         Chain mail        |    16 |    41 |       |       ||    57
         Ring mail         |       |    29 |    74 |    28 ||   131
  Dodge: Dodged            |    35 |    98 |   108 |    50 ||   291
  Block: Buckler           |    19 |    31 |    59 |    19 ||   128

Table legend: (Time is in decaauts)
 A = Elapsed time spent in this place.
 B = Non-inter-level travel time spent in this place.
 C = Inter-level travel time spent in this place.
 D = Time resting spent in this place.
 E = Time spent auto-exploring this place.
 F = Levels seen in this place.
 G = Mean time per level.
                   A        B        C        D        E       F      G
               +--------+--------+--------+--------+--------+-----+--------+
         Total |  10829 |   9912 |    917 |   2433 |   5399 |  10 | 1082.9 |
       Dungeon |  10458 |   9681 |    777 |   2433 |   5178 |   9 | 1162.0 |
        Temple |    371 |    231 |    140 |      0 |    221 |   1 |  371.0 |
               +--------+--------+--------+--------+--------+-----+--------+

Top non-repeatable levels by time:
     D:7: 1789 daAuts
     D:6: 1559 daAuts
     D:4: 1512 daAuts
     D:5: 1192 daAuts
     D:8: 1082 daAuts
     D:1: 992 daAuts
     D:3: 959 daAuts
     D:2: 899 daAuts
     D:9: 468 daAuts
  Temple: 371 daAuts
